 Dungeon Crawl Stone Soup version 0.29.0-13-gc9e81de378 (webtiles) character file.

Game seed: 10409037513834702230

832 wingedge the Trooper (level 8, -1/59 HPs)
             Began as a Djinni Air Elementalist on Sept 7, 2022.
             Was an Elder of the Shining One.
             Slain by a gnoll
             ... wielding a +0 club
              (8 damage)
             ... on level 4 of the Dungeon.
             The game lasted 00:21:28 (3257 turns).

wingedge the Trooper (Djinni Air Elementalist)      Turns: 3257, Time: 00:21:28

Health: -1/59      AC:  3    Str:  9    XL:     8   Next: 18%
Gold:   186        EV:  6    Int: 17    God:    the Shining One [****..] SH:  0 Dex: 14

rFire   + + .      SeeInvis .   d - +0 spear
rCold   x . .      Faith    .   (no shield)
rNeg    + + .      Spirit   .   p - +0 leather armour
rPois   ∞          Reflect  .   (no helmet)
rElec   .          Harm     .   (no cloak)
rCorr   .          Rampage  .   (no gloves)
Will    .....                   (boots unavailable)
Stlth   +.........              h - amulet of regeneration
HPRegen 0.99/turn               (no ring)
MPRegen 0.00/turn               (no ring)

@: divinely shielded, flying, held, glowing
A: sickness immunity, fire resistance 2, cold vulnerability 1, float, innate
caster, HP casting, extra vitality 1
a: Renounce Religion, Divine Shield, Cleansing Flame


You were on level 4 of the Dungeon.
You worshipped the Shining One.
The Shining One was greatly pleased with you.
You visited 1 branch of the dungeon, and saw 4 of its levels.
You also visited: Ossuary.

You collected 186 gold pieces.

Inventory:

Hand Weapons
 d - a +0 spear (weapon)
Missiles
 k - 6 atropa-tipped darts
 r - 4 poisoned darts
Armour
 p - a +0 leather armour (worn)
 u - a +0 ring mail
Jewellery
 h - an amulet of regeneration (around neck)
Scrolls
 e - 2 scrolls of teleportation {unknown}
 f - 2 scrolls of magic mapping {unknown}
 j - a scroll of vulnerability {unknown}
 l - 2 scrolls of enchant weapon
 m - 2 scrolls of noise {unknown}
 o - a scroll of fear
 s - a scroll of blinking {unknown}
 t - a scroll of silence {unknown}
 v - 3 scrolls of enchant armour
Potions
 a - a potion of attraction {unknown}
 c - a potion of mutation
 n - a potion of resistance {unknown}
 q - a potion of haste {unknown}


   Skills:
 - Level 5.0 Fighting
 - Level 2.0 Armour
 - Level 2.1 Dodging
 - Level 1.5 Stealth
 + Level 4.9 Spellcasting
 - Level 3.0 Invocations


You had one spell level left.
You knew the following spells:

 Your Spells              Type           Power      Damage    Failure   Level
a - Shock                 Conj/Air       84%        1d8       2%          1
b - Static Discharge      Conj/Air       21%        3-6/arc   3%          2
c - Swiftness             Air            21%        N/A       8%          3
d - Airstrike             Air            10%        2d(2-18)  26%         4
e - Necrotise             Necr           84%        1d8       2%          1
f - Scorch                Fire           42%        2d7       3%          2
g - Passwall              Tmut/Erth      17%        N/A       3%          2
Your spell library was empty.

Dungeon Overview and Level Annotations

Branches:
Dungeon (4/15)            Ossuary (visited)
 Temple: D:4-7

Altars:
The Shining One

Annotations:
D:4 1 transporter, JohnEldenRing's ghost, novice GnBe


Innate Abilities, Weirdness & Mutations

You are immune to sickness and miasma.
You are immune to poison.
Your flesh is very heat resistant. (rF++)
You are vulnerable to cold. (rC-)
You float through the air rather than walking.
You learn spells naturally, not from books.
Your magical power is your life essence.
You have superior vitality. (+4 MHP)


Message History

Flames lash the gnoll.
The gnoll is burned terribly!
You kill the gnoll!
The gnoll closely misses you.
Unknown command.
Casting: Scorch (safe; 4% risk of failure)
Confirm with . or Enter, or press ? or * to list all spells.
Flames lash the gnoll.
The gnoll is severely wounded.
The gnoll's fire resistance burns away.
The gnoll hits you from afar with the +7 spear of the Ancients {venom, rPois Str+3 Int-2 Stlth+}.
The gnoll zaps a wand.
The bolt of light hits you!!
You are confused.
* * * LOW HITPOINT WARNING * * *
The bolt of light hits the plant!
The plant begins to die.
The plant is blinded.
You are too confused!
You feel better.
The gnoll hits you from afar with the +7 spear of the Ancients {venom, rPois Str+3 Int-2 Stlth+}.
* * * LOW HITPOINT WARNING * * *
Casting: Scorch (safe; 4% risk of failure)
Confirm with . or Enter, or press ? or * to list all spells.
The gnoll is struck by an arc of lightning!
The gnoll is severely wounded.
The gnoll is struck by an arc of lightning.
You kill the gnoll!
The gnoll is struck by an arc of lightning!
You kill the gnoll!
The gnoll is struck by an arc of lightning.
The gnoll is heavily wounded.
The lightning grounds out.
The plant is struck by an arc of lightning.
The plant begins to die.
The plant is lightly damaged.
You are struck by an arc of lightning.
* * * LOW HITPOINT WARNING * * *
The lightning grounds out.
* * * LOW HITPOINT WARNING * * *
Unknown command.
A divine shield forms around you! The gnoll hits you with a +0 club!
You die...

#..≈≈#..###.###..#≈≈.##.##.
#.)≈≈#...........#≈≈.##.##.
#..≈≈###.##+##.###≈≈.##.##.
#..≈≈..#.#P.P#.#..≈≈.##.##.
#..≈≈.##.'...+.##.≈≈..#.##>
#..≈≈.#..#P.P# ©#.≈≈.......
#..≈≈.##.##.##.##.≈≈..####.
#......#)#P.P#.#..≈≈.. ##
#.....©#.g@©.'.#©.~~.######
#......#)#8⌠8#.#..≈≈.##....
#..≈≈.##.#####.##.≈≈....###
#..≈≈.#..#W:=#..#.≈≈.......
#..≈≈.##.#...#.##.≈≈..#####
#..≈≈..#.#$$$#.#..≈≈..#
#..≈≈###g##+##.###≈≈.##
#..≈≈#g..........#≈≈.#
#..≈≈#g.###.###.?#≈≈.#


You could see a gnoll.

Vanquished Creatures
  A black bear (D:4)
  A phantom (D:3)
  2 elf zombies (Ossuary)
  2 howler monkeys (D:4)
  3 human zombies (Ossuary)
  An orc priest (D:2)
  Natasha (twice) (D:4)
  A hound zombie (Ossuary)
  3 mummies (Ossuary)
  7 gnolls
  5 adders
  4 adder zombies (Ossuary)
  A worm (D:2)
  3 dart slugs
  13 orcs
  4 ball pythons
  4 endoplasms
  3 giant cockroaches
  3 gnoll zombies (Ossuary)
  4 hobgoblins
  3 jackals (D:3)
  2 quokkas
  6 bats
  5 frilled lizards
  4 goblins
  A goblin zombie (Ossuary)
  3 hobgoblin zombies (Ossuary)
  5 jackal zombies (Ossuary)
  A kobold (D:1)
  2 kobold zombies (Ossuary)
  2 orc zombies (Ossuary)
  6 quokka zombies
  3 rats
  4 rat zombies (Ossuary)
114 creatures vanquished.

Vanquished Creatures (others)
  A plant (D:1)
1 creature vanquished.

Grand Total: 115 creatures vanquished

Notes
Turn   | Place    | Note
-------+----------+-------------------------------------------
     0 | D:1      | wingedge the Djinni Air Elementalist began the quest for
                  | the Orb.
     0 | D:1      | wingedge set off with the following spells memorised:
                  | Shock, Static Discharge, Swiftness, Airstrike.
     0 | D:1      | Reached XP level 1. HP: 15/15 MP: 0/0
   150 | D:1      | Reached skill level 1 in Fighting
   614 | D:1      | Reached XP level 2. HP: 18/22 MP: 0/0
  1274 | D:1      | Found a faded altar of an unknown god.
  1433 | D:1      | Prayed at the altar of an unknown god.
  1433 | D:1      | Became a worshipper of the Shining One
  1433 | D:1      | Reached * piety under the Shining One
  1488 | D:2      | Reached XP level 3. HP: 19/27 MP: 0/0
  1488 | D:2      | Learned a level 1 spell: Necrotise
  1492 | D:2      | Reached skill level 2 in Fighting
  1558 | D:2      | Reached XP level 4. HP: 24/34 MP: 0/0
  1683 | D:2      | Reached skill level 3 in Fighting
  1813 | D:2      | Reached XP level 5. HP: 40/40 MP: 0/0
  1813 | D:2      | Learned a level 2 spell: Scorch
  1988 | D:2      | Reached skill level 4 in Fighting
  1989 | D:2      | Reached skill level 1 in Invocations
  2212 | D:3      | Noticed a phantom
  2212 | D:3      | Reached ** piety under the Shining One
  2220 | D:3      | Killed a phantom
  2221 | D:3      | Reached XP level 6. HP: 39/47 MP: 0/0
  2381 | D:3      | You are sucked into a shaft and drop 1 floor!
  2442 | D:4      | Found a sand-covered staircase.
  2443 | D:4      | Noticed Natasha
  2444 | D:4      | Noticed a black bear
  2448 | D:4      | Killed Natasha
  2452 | D:4      | Killed a black bear
  2453 | D:4      | Reached skill level 1 in Armour
  2453 | D:4      | Reached XP level 7. HP: 25/52 MP: 0/0
  2453 | D:4      | Learned a level 2 spell: Passwall
  2484 | Ossuary  | Entered an ossuary
  2700 | Ossuary  | Reached *** piety under the Shining One
  2809 | Ossuary  | Reached skill level 5 in Fighting
  2952 | Ossuary  | Reached **** piety under the Shining One
  3027 | Ossuary  | Reached XP level 8. HP: 32/59 MP: 0/0
  3086 | D:4      | Found a transporter.
  3175 | D:4      | Identified the +7 spear of the Ancients {venom, rPois Str+3
                  | Int-2 Stlth+}
  3179 | D:4      | Noticed Natasha
  3183 | D:4      | Killed Natasha
  3212 | D:4      | Found a transporter.
  3221 | D:4      | Noticed JohnEldenRing's ghost (novice GnBe)
  3257 | D:4      | Slain by a gnoll

Illustrated notes

Levels and vault maps discovered:
D:1:      psy_arrival_conway, layout_loops_cross,
          hellmonk_ecumenical_altar_arch_garden
D:2:      layout_basic, basic_altar
D:3:      layout_basic, mainiacjoe_overflow_surrounded_room
D:4:      layout_loops_ring, mainiacjoe_overflow_paths, enter_ossuary_4,
          gammafunk_ghost_gnarly_gnolls, minivault_27, uniq_natasha

Skill      XL: |  1  2  3  4  5  6  7 |
---------------+----------------------+-----
Fighting       | 1 2 3 4 5 |  5.0
Spellcasting   | 3 4 |  4.9
Invocations    | 2 3 |  3.0
Armour         | 1 2 |  2.0
Dodging        | |  2.1
Stealth        | |  1.5

Action                   |  1- 3 |  4- 6 |  7- 9 || total
-------------------------+-------+-------+-------++-------
Melee: Unarmed           |     4 |       |       ||     4
       Spear             |     8 |     7 |    66 ||    81
       Punch             |       |       |     1 ||     1
Throw: Throwing net      |       |     1 |       ||     1
 Cast: Shock             |    42 |    72 |    49 ||   163
       Static Discharge  |     5 |    17 |    33 ||    55
       Scorch            |       |     2 |     9 ||    11
Invok: Divine Shield     |       |       |     6 ||     6
  Use: Scroll            |       |     5 |     2 ||     7
       Potion            |       |       |     2 ||     2
Armor: Leather armour    |       |     7 |    23 ||    30
Dodge: Dodged            |     2 |    14 |    31 ||    47
Block: Other             |       |       |     5 ||     5
